 Dungeon Crawl Stone Soup version bcrawl-1.19.2-6-g6a88ae04c9 (webtiles) character file.

Game seed: 17055411084488811542

452 Mrkan the Cudgeler (level 7, 0/44 HPs)
             Began as a Gargoyle Fighter on Dec 24, 2019.
             Was an Initiate of Okawaru.
             Killed by divine providence
             ... invoked by an orc priest
              (10 damage)
             ... on level 4 of the Dungeon.
             The game lasted 00:05:29 (3620 turns).

Mrkan the Cudgeler (Gargoyle Fighter)               Turns: 3620, Time: 00:05:30

Health: 0/44       AC: 12    Str: 21    XL:     7   Next: 5%
Magic:  7/7        EV:  7    Int:  9    God:    Okawaru [......]
Gold:   277        SH:  9    Dex:  9    Spells: 6/6 levels left

rFire    . . .     SeeInvis .   a - +0 flail
rCold    . . .     Gourm    .   c - +0 shield
rNeg     + . .     Faith    .   b - +0 scale mail
rPois    ∞         Spirit   .   (no helmet)
rElec    +         Reflect  .   (no cloak)
rCorr    .         Harm     .   (no gloves)
MR       .....                  (no boots)
Stlth    ..........             (no amulet)
HPRegen  0.14/turn              (no ring)
MPRegen  0.10/turn              (no ring)

@: no status effects
A: negative energy resistance 1, electricity resistance, unbreathing,
petrification resistance, rot immunity, AC +4
a: Renounce Religion


You were on level 4 of the Dungeon.
You worshipped Okawaru.
Okawaru was noncommittal.
You were hungry.

You visited 1 branch of the dungeon, and saw 4 of its levels.

You collected 277 gold pieces.

Inventory:

Hand Weapons
 a - a +0 flail (weapon)
Armour
 b - a +0 scale mail (worn)
 c - a +0 shield (worn)
Jewellery
 k - an uncursed ring of see invisible {unknown}
Wands
 o - a wand of iceblast (6)
Scrolls
 i - 5 scrolls of remove curse {unknown}
 j - 2 scrolls of immolation {unknown}
 m - 3 scrolls of identify {unknown}
 q - a scroll of fog {unknown}
 r - a scroll of teleportation {unknown}
 s - 3 scrolls of fear {unknown}
Potions
 d - 2 potions of curing {unknown}
 e - 2 potions of haste
 g - a potion of magic {unknown}
 h - a potion of resistance {unknown}
 l - a potion of invisibility {unknown}
 n - a potion of flight {unknown}
 p - a potion of cancellation {unknown}
Comestibles
 f - 10 rations {!d}


   Skills:
 + Level 4.7 Fighting
 * Level 4.9 Maces & Flails
 + Level 4.7 Armour
 + Level 4.7 Shields


You had 6 spell levels left.
You didn't know any spells.
Your spell library was empty.

Dungeon Overview and Level Annotations

Branches:
Dungeon (4/12)
 Temple: D:4-7

Altars:
Okawaru
Xom
The Shining One

Shops:
D:4 :

Annotations:
D:4 Edmund


Innate Abilities, Weirdness & Mutations

You are resistant to torment.
Your stone body is resilient. (AC +4)
You are immune to poison.
You resist negative energy. (rN+)
You are resistant to electric shocks. (rElec)
You can survive without breathing.
You are immune to petrification.
You are immune to rotting.


Message History

Edmund hits you with a +2 flail of protection.
The orc wizard gestures wildly while chanting.
The orc wizard blinks!
The orc priest mumbles some strange prayers to Beogh against you.
Beogh smites you!
* * * LOW HITPOINT WARNING * * *
You hit Edmund.
Edmund is severely wounded.
Edmund barely misses you.
You hit Edmund.
Edmund is severely wounded.
You block Edmund's attack.
You completely miss Edmund.
Edmund is severely wounded.
You block Edmund's attack.
You hit Edmund.
Edmund is severely wounded.
The orc priest calls down the wrath of Beogh upon you.
Beogh smites you!
You die...

.........# .....<...#
.....##### ......#
......############
......'..........#
###...##.######### #####
#...##.###########...#
###...'.........@@oo...+
#<#...##..§≈§≈§###Z....#####.(
#.##'###.≈≈.≈.≈≈##..o.........
#.##.# #.≈.≈☼○≈≈##..?..!......
..##.# #..≈≈_.≈≈######.....%..
####.# ##≈.○≈≈≈≈# #........
#.# #§≈≈≈≈§≈# #........ #.#
##≈§≈≈≈## #.......# ####.#
####.# #.#######


You could see Edmund, an orc priest, an orc wizard, an orc and an adder
skeleton.

Vanquished Creatures
  A howler monkey (D:3)
  2 crimson imps
  A hound (D:2)
  An orc priest (D:2)
  An iguana (D:4)
  2 orc wizards
  7 adders
  3 oozes
  An adder skeleton (D:4)
  4 worms
  A dart slug (D:4)
  5 leopard geckos
  14 orcs
  5 bats
  3 giant cockroaches
  11 goblins
  12 hobgoblins
  8 jackals
  2 quokkas (D:3)
  8 frilled lizards
  7 kobolds
  6 rats
105 creatures vanquished.

Vanquished Creatures (others)
  A big kobold (D:4)
  An adder (D:4)
  A leopard gecko (D:4)
  A giant cockroach (D:4)
  A quokka (D:4)
5 creatures vanquished.

Grand Total: 110 creatures vanquished

Notes
Turn   | Place    | Note
-------+----------+-------------------------------------------
     0 | D:1      | Mrkan the Gargoyle Fighter began the quest for the Orb.
     0 | D:1      | Reached XP level 1. HP: 14/14 MP: 1/1
    93 | D:1      | Reached XP level 2. HP: 16/19 MP: 2/2
   280 | D:1      | Reached XP level 3. HP: 14/23 MP: 3/3
   646 | D:2      | Reached XP level 4. HP: 3/29 MP: 4/4
   976 | D:2      | Reached XP level 5. HP: 30/33 MP: 5/5
  1527 | D:2      | Found an iron altar of Okawaru.
  1562 | D:2      | Became a worshipper of Warmaster Okawaru
  2252 | D:3      | Reached XP level 6. HP: 35/39 MP: 6/6
  3254 | D:4      | Found a glowing golden altar of the Shining One.
  3415 | D:4      | Found Gykyacsu's Book Shop.
  3462 | D:4      | Found a shimmering altar of Xom.
  3530 | D:4      | Reached XP level 7. HP: 44/44 MP: 7/7
  3580 | D:4      | Noticed Edmund
  3620 | D:4      | Killed from afar by an orc priest

Skill      XL: |  1  2  3  4  5 |
---------------+----------------+-----
Maces & Flails | 3 4 |  4.9
Fighting       | 4 |  4.7
Armour         | 4 |  4.7
Shields        | 4 |  4.7

Action                   |  1- 3 |  4- 6 |  7- 9 || total
-------------------------+-------+-------+-------++-------
Melee: Flail             |   101 |   357 |    33 ||   491
  Use: Potion            |     2 |       |       ||     2
  Eat: Chunk             |       |     9 |       ||     9
Armor: Scale mail        |    76 |   218 |     7 ||   301
Dodge: Dodged            |    52 |    97 |     7 ||   156
Block: Shield            |    94 |   191 |    11 ||   296
